 Dungeon Crawl Stone Soup version 0.31-a0-210-gccc998df9b (webtiles) character file.

Game seed: 11793402401342859945

93 qw the Shooter (level 4, -5/26 HPs)
             Began as a Gargoyle Hexslinger on June 29, 2023.
             Killed from afar by Ijyb (18 damage)
             ... with a bolt of light
             ... on level 3 of the Dungeon.
             The game lasted 00:00:41 (1832 turns).

qw the Shooter (Gargoyle Hexslinger)                Turns: 1832, Time: 00:00:42

Health: -5/26      AC: 10    Str: 12    XL:     4   Next: 61%
Magic:  5/5        EV: 15    Int: 13    God:
Gold:   96         SH:  0    Dex: 14    Spells: 4/5 levels left

rFire   . . .        Y - +2 sling
rCold   . . .        (no shield)
rNeg    + . .        g - +0 ring mail
rPois   inf          (no helmet)
rElec   +            (no cloak)
rCorr   .            j - +1 pair of gloves
SInv    .            (no boots)
Will    .....        (no amulet)
Stlth   +            h - +5 ring of evasion
HPRegen 0.24/turn    (no ring)
MPRegen 0.09/turn

%: no passive effects
@: no status effects
A: sickness immunity, AC +3, negative energy resistance 1, electricity
resistance, torment resistance 1, petrification resistance
a: no special abilities


You were on level 3 of the Dungeon.
You visited 1 branch of the dungeon, and saw 3 of its levels.

You collected 174 gold pieces.
You spent 78 gold pieces at shops.


Innate Abilities, Weirdness & Mutations

You are immune to sickness and miasma.
Your stone body is resilient. (AC +3)
You are immune to poison.
You resist negative energy. (rN+)
You are resistant to electric shocks. (rElec)
You are resistant to unholy torment.
You are immune to petrification.


   Skills:
 - Level 2.0 Fighting
 + Level 4.2 Ranged Weapons
 - Level 1.0 Armour
 - Level 1.5 Dodging
 - Level 1.0 Spellcasting
 - Level 2.6 Hexes


You had 4 spell levels left.
You knew the following spells:

 Your Spells              Type           Power      Damage    Failure   Level
a - Slow                  Hex            28%        N/A       22%         1

Your spell library contained the following spells:

 Spells                   Type           Power      Damage    Failure   Level
 Inner Flame              Hex/Fire       4%         N/A       73%         3
 Portal Projectile        Hex/Tloc       8%         N/A       73%         3
 Cause Fear               Hex            3%         N/A       91%         4

Inventory:

Hand Weapons
 Y - a +2 sling (weapon)
Armour
 g - a +0 ring mail (worn)
 j - a +1 pair of gloves (worn)
Jewellery
 h - a +5 ring of evasion (left hand)
Potions
 b - a potion of cancellation
 f - a potion of resistance {unknown}
 i - a potion of enlightenment {unknown}
 k - a potion of berserk rage {unknown}

Dungeon Overview and Level Annotations

Branches:
Dungeon (3/15)

Altars:

Shops:
D:2 [

Annotations:
D:3 Ijyb


Message History

Ijyb hits you with a +0 dagger of holy wrath.
Ijyb hits you but does no damage.
You shoot a sling bullet. The sling bullet barely misses Ijyb.
Ijyb completely misses you.
You shoot a sling bullet. The sling bullet hits Ijyb.
Ijyb is heavily wounded.
Ijyb zaps a wand.
The bolt of light misses you.
You shoot a sling bullet.
The sling bullet hits Ijyb but does no damage.
Ijyb is heavily wounded.
Ijyb hits you but does no damage. x2
You shoot a sling bullet. The sling bullet hits Ijyb.
Ijyb is heavily wounded.
Ijyb zaps a wand.
The bolt of light hits you!
You shoot a sling bullet. The sling bullet hits Ijyb.
Ijyb is severely wounded.
Ijyb screams, "I dance on your bones!"
Ijyb zaps a wand.
The bolt of light misses you.
You shoot a sling bullet. The sling bullet barely misses Ijyb.
Ijyb hits you with a +0 dagger of holy wrath.
Ijyb zaps a wand.
The bolt of light misses you.
You shoot a sling bullet.
The sling bullet hits Ijyb but does no damage.
Ijyb is severely wounded.
Ijyb completely misses you.
You shoot a sling bullet. The sling bullet closely misses Ijyb.
Ijyb hits you but does no damage.
You shoot a sling bullet. The sling bullet closely misses Ijyb.
Ijyb hits you but does no damage. x2
You shoot a sling bullet.
The sling bullet hits Ijyb but does no damage.
Ijyb is severely wounded.
Ijyb hits you with a +0 dagger of holy wrath.
You shoot a sling bullet. The sling bullet hits Ijyb.
Ijyb is severely wounded.
Ijyb closely misses you.
You shoot a sling bullet. The sling bullet barely misses Ijyb.
Ijyb zaps a wand.
The bolt of light hits you!!
Ouch! That really hurt!
You die...

........ .. #......#
#... .# #......# #..
.. #......#####.###.#
.
#####.<#...#.....###..
....................
#........#....#...
..#...##.....##.####.#
. ##.# ##..##.))@.!..#
##. ##...)..#g...# ##
##...#.#.#.....
##....#.# ##.#
##...#.# # ##..#.#
##...# ##... #..


You could see Ijyb.

Vanquished Creatures
  3 gnolls (D:3)
  An adder (D:2)
  2 dart slugs
  2 endoplasms
  2 giant cockroaches
  A goblin (D:1)
  5 hobgoblins
  10 jackals
  2 quokkas (D:1)
  5 ball pythons
  4 bats
  A frilled lizard (D:2)
  5 kobolds
  3 rats
46 creatures vanquished.

Notes
Turn   | Place    | Note
-------+----------+-------------------------------------------
     0 | D:1      | qw the Gargoyle Hexslinger began the quest for the Orb.
     0 | D:1      | Reached XP level 1. HP: 12/12 MP: 2/2
     0 | D:1      | 0 ||| qw: Version: 0.3-a-24-ga2abf7b
     0 | D:1      | 0 ||| qw: Game counter: 7041
     0 | D:1      | 0 ||| qw: Melee chars always use a shield: true
     0 | D:1      | 0 ||| qw: God list: Okawaru
     0 | D:1      | 0 ||| qw: Allow faded altars: false
     0 | D:1      | 0 ||| qw: Do Orc after clearing Dungeon:15 true
     0 | D:1      | 0 ||| qw: Do second Lair branch before Depths: true
     0 | D:1      | 0 ||| qw: Lair rune preference: random
     0 | D:1      | 0 ||| qw: Goals: Normal
     0 | D:1      | 0 ||| PLANNING D:1-11
    92 | D:1      | Reached XP level 2. HP: 16/16 MP: 3/3
   132 | D:1      | Reached skill level 3 in Ranged Weapons
   224 | D:1      | HP: 3/17 [jackal (2)]
   230 | D:1      | Reached XP level 3. HP: 6/21 MP: 4/4
   865 | D:1      | 865 ||| UPGRADING to +0 pair of gloves.
   870 | D:1      | 870 ||| UPGRADING to +5 ring of evasion.
   871 | D:1      | 871 ||| READING scroll labelled IVECOSK AMUBLI.
   872 | D:1      | 872 ||| READING scroll labelled YSIWAF PEN.
   873 | D:1      | 873 ||| DROPPING scroll of poison.
  1040 | D:2      | Found Riyjoag's Armour Boutique.
  1045 | D:2      | 1045 ||| BUYING +0 leather armour (26 gold).
  1045 | D:2      | Bought a +0 leather armour for 26 gold pieces
  1045 | D:2      | 1045 ||| SHOPLISTING +0 leather armour of cold resistance
                  | (117 gold, have 78).
  1045 | D:2      | 1045 ||| BUYING +0 ring mail (52 gold).
  1045 | D:2      | Bought a +0 ring mail for 52 gold pieces
  1045 | D:2      | 1045 ||| SHOPLISTING +3 leather armour of cold resistance
                  | (312 gold, have 26).
  1045 | D:2      | 1045 ||| SHOPLISTING +3 robe of the Accordion {Harm Will+}
                  | (367 gold, have 26).
  1614 | D:2      | Reached XP level 4. HP: 25/26 MP: 5/5
  1711 | D:2      | 1711 ||| UPGRADING to +0 leather armour.
  1721 | D:2      | 1721 ||| DROPPING +0 robe.
  1722 | D:2      | 1722 ||| UPGRADING to +0 ring mail.
  1732 | D:2      | 1732 ||| DROPPING +0 leather armour.
  1733 | D:2      | 1733 ||| UPGRADING to +1 pair of gloves.
  1743 | D:2      | 1743 ||| DROPPING +0 pair of gloves.
  1744 | D:2      | 1744 ||| READING scroll labelled CUSTOJ PECAORY.
  1745 | D:2      | 1745 ||| DRINKING 2 metallic green potions.
  1805 | D:3      | Reached skill level 1 in Armour
  1807 | D:3      | Reached skill level 4 in Ranged Weapons
  1815 | D:3      | Noticed Ijyb
  1832 | D:3      | Killed from afar by Ijyb

Levels and vault maps discovered:
D:1:      spicycebolla_arrival_xxxplode, layout_basic, grunt_decor_arrowhead,
          fountainhead
D:2:      layout_loops_corners, serial_shops, shop
D:3:      minmay_inner_zag, layout_basic, nzn_wu_jian_contemplation,
          chequers_temple_overflow_minitemple,
          shapermc_ecumenical_altar_acropolis, serial_shops, shop,
          minmay_randomly_rotated_circles, uniq_sigmund, uniq_terence, uniq_ijyb

Skill      XL: |  1  2  3  4 |
---------------+-------------+-----
Ranged Weapons | 3 4 |  4.2
Fighting       | 2 |  2.0
Armour         | 1 |  1.0
Dodging        | |  1.5
Spellcasting   | |  1.0
Hexes          | |  2.6

Action                     |  1- 3 |  4- 6 || total
---------------------------+-------+-------++-------
   Fire: Sling             |   142 |    34 ||   176
    Use: Scroll            |     2 |     1 ||     3
         Potion            |       |     1 ||     1
 Armour: Robe              |    31 |       ||    31
         Ring mail         |       |     6 ||     6
  Dodge: Dodged            |    87 |    15 ||   102

Table legend:
 A = Non-vault XP
 B = Vault XP
 C = Vault XP percentage of total XP
 D = Non-vault monster count
 E = Vault monster count
 F = Vault count percentage of total count
                 A         B        C        D         E       F
            +---------+---------+-------+---------+---------+-------
      Total |     133 |       0 |   0.0 |      46 |       0 |   0.0
            +---------+---------+-------+---------+---------+-------
        D:1 |      42 |       0 |   0.0 |      23 |       0 |   0.0
        D:2 |      44 |       0 |   0.0 |      19 |       0 |   0.0
        D:3 |      47 |       0 |   0.0 |       4 |       0 |   0.0
            +---------+---------+-------+---------+---------+-------
